Map: Romanticide LE

Players

Reynor - Winner!

  • Race: Zerg Zerg
  • League: Master
  • Spawn Location: 11:00

HellraiseR

  • Race: Protoss Protoss
  • League: Master
  • Spawn Location: 5:00

Event: DreamHack SC2 Masters 2020 Winter

VOD

Have the link to the VOD?

Description

Time

  • Played on: Oct. 21, 2020, 11:35 a.m.
  • Length: 4:07

All games in this series

Show
View Real Time Build Order
Export as new Build Order

Reynor Zerg - Winner!

Build Orders: Hatch First 

Get SALT Encoding   

  12  0:00  Drone  
  13  0:12  Overlord  
  13  0:16  Drone  
  14  0:30  Drone x2  
  16  0:48  Hatchery  
  15  0:50  Drone  
  15  0:54  Drone  
  17  0:57  Drone  
  18  1:11  Spawning Pool  
  17  1:13  Drone  
  17  1:16  Extractor  
  17  1:18  Drone  
  18  1:28  Drone  
  19  1:38  Drone  
  20  1:53  Overlord  
  20  1:59  Zergling x2  
  20  2:00  Zergling x2  
  20  2:01  Queen  
  24  2:10  Zergling x4  
  26  2:24  Zergling x4  
  28  2:33  Zergling x4  
Show
View Real Time Build Order
Export as new Build Order

HellraiseR Protoss 

Build Orders:  

Get SALT Encoding   

  12  0:00  Probe  
  13  0:12  Probe  
  14  0:19  Pylon  
  14  0:25  Probe (Chrono Boost)  
  15  0:38  Gateway, Probe (Chrono Boost)  
  16  0:46  Probe (Chrono Boost)  
  16  0:47  Assimilator  
  17  0:52  Probe  
  18  1:00  Forge  
  18  1:20  Pylon  
  18  1:39  Probe  
  19  1:46  Pylon  
  19  1:47  Pylon  
  19  1:48  Pylon  
  19  1:52  Cybernetics Core  
  19  2:04  Photon Cannon  
  19  2:06  Photon Cannon  
  19  2:10  Photon Cannon  
  19  2:12  Pylon  
  19  2:25  Pylon  
  19  2:28  Probe  
  19  2:30  Adept (Chrono Boost)  
  21  2:40  Probe  
Tags
 
Add a new tag
Caveats
  • Supply blocks, unpowered buildings, or Contaminate may cause inaccurate times.
  • Supply counts are checked every 10 seconds.